 Dungeon Crawl Stone Soup version 0.29-a0-91-gdebf4667c2 (webtiles) character file.

Game seed: 13616951556156631986

88 lordive the Conjurer (level 4, 0/24 HPs)
             Began as a Gargoyle Conjurer on Feb 7, 2022.
             Killed from afar by Sigmund (11 damage)
             ... with a magic dart
             ... on level 4 of the Dungeon.
             The game lasted 00:03:48 (3188 turns).

lordive the Conjurer (Gargoyle Conjurer)            Turns: 3188, Time: 00:03:49

Health: 0/24       AC:  5    Str: 11    XL:     4   Next: 54%
Magic:  8/8        EV: 15    Int: 20    God:
Gold:   110        SH:  0    Dex:  8    Spells: 5/8 levels left

rFire   . . .      SeeInvis .   h - +7 dagger of the Dripping Pill Bug {vamp, rElec}
rCold   . . .      Faith    .   (no shield)
rNeg    + . .      Spirit   .   a - +0 robe
rPois   ∞          Reflect  .   (no helmet)
rElec   +          Harm     .   (no cloak)
rCorr   .          Rampage  .   (no gloves)
Will    .....                   (no boots)
Stlth   +.........              (no amulet)
HPRegen 0.08/turn               g - +4 ring of evasion
MPRegen 0.11/turn               (no ring)

@: confused
A: sickness immunity, AC +3, negative energy resistance 1, electricity
resistance, torment resistance 1, petrification resistance
a: no special abilities


You were on level 4 of the Dungeon.
You visited 1 branch of the dungeon, and saw 4 of its levels.

You collected 132 gold pieces.
You spent 22 gold pieces at shops.

Inventory:

Hand Weapons
 h - the +7 dagger of the Dripping Pill Bug (weapon) {vamp, rElec}
   (You found it on level 3 of the Dungeon)

   It occasionally heals its wielder for a portion of the damage dealt when it
   wounds a living foe.
   rElec:     It insulates you from electricity.
Armour
 a - a +0 robe (worn)
 k - a +0 kite shield
Jewellery
 g - a +4 ring of evasion (left hand)
Wands
 b - a wand of flame (46)
Scrolls
 d - a scroll of enchant armour {unknown}
 j - a scroll of fear {unknown}
 m - a scroll of identify
Potions
 c - a potion of haste
 e - a potion of mutation
 f - a potion of invisibility {unknown}
 i - a potion of lignification {unknown}
 l - a potion of flight {unknown}


   Skills:
 + Level 1.7 Dodging
 + Level 2.6 Stealth
 + Level 2.7 Spellcasting
 + Level 5.6 Conjurations


You had 5 spell levels left.
You knew the following spells:

 Your Spells              Type           Power      Damage    Failure   Level
a - Magic Dart            Conj           100%       1d8       1%          1
b - Searing Ray           Conj           50%        2d6       2%          2

Your spell library contained the following spells:

 Spells                   Type           Power      Damage    Failure   Level
 Dazzling Flash           Conj/Hex       28%        N/A       14%         3
 Fulminant Prism          Conj/Hex       7%         3d7       41%         4
 Iskenderun's Mystic Bla  Conj/Tloc      14%        2d5       41%         4


Dungeon Overview and Level Annotations

Branches:
Dungeon (4/15)
 Temple: D:4-7

Altars:
Yredelemnul

Shops:
D:2 *

Annotations:
D:3 2 transporters, Sweetruy1997's ghost, amateur DsCK
D:4 Sigmund


Innate Abilities, Weirdness & Mutations

You are immune to sickness and miasma.
Your stone body is resilient. (AC +3)
You are immune to poison.
You resist negative energy. (rN+)
You are resistant to electric shocks. (rElec)
You are resistant to unholy torment.
You are immune to petrification.


Message History

The ball python hisses angrily.
A ball python is nearby!
A ball python is nearby!
The magic dart hits the ball python.
You kill the ball python!
A quokka comes into view.
The magic dart hits the quokka.
The quokka is moderately wounded.
The magic dart hits the quokka.
The quokka is almost dead.
The magic dart hits the quokka.
You kill the quokka!
You can't see any susceptible monsters within range! (Use Z to cast anyway.) Sigmund the Dreaded comes into view.
He is wielding a +0 scythe.
Sigmund is nearby!
Sigmund is nearby!
Sigmund is nearby!
The magic dart hits Sigmund but does no damage.
Sigmund shouts!
Sigmund casts a spell at you.
You are confused.
You're too confused to cast spells.
You're too confused to cast spells.
Unknown command.
You bump into the rock wall.
You bump into the rock wall.
You feel less confused.
Sigmund casts a spell.
Sigmund flickers and vanishes!
Deactivating autopickup; reactivate with Ctrl-A.
A puff of flame appears from out of thin air!
The puff of flame hits you!
A magic dart appears from out of thin air!
The magic dart hits you.
You are confused.
You bump into the rock wall.
You bump into the rock wall.
A magic dart appears from out of thin air!
The magic dart hits you!
You die...

##### #...# #.#
#.#.######## #.#
##########.#.........
...
#..........#.########
#.# #.##########.#
#.# #.# #.# #.# #.#
#.###############.##
#.#
#>.@...{............
#†#
#################...
#.# ###. #.# ## #.# #
#.# # #.# # #.# #.#


There were no monsters in sight!

Vanquished Creatures
  A gnoll (D:1)
  2 adders (D:3)
  3 dart slugs
  An orc (D:3)
  5 ball pythons
  6 bats
  7 endoplasms
  7 goblins
  7 hobgoblins
  2 quokkas
  3 frilled lizards
  2 kobolds
  3 rats
49 creatures vanquished.

Notes
Turn   | Place    | Note
-------+----------+-------------------------------------------
     0 | D:1      | lordive the Gargoyle Conjurer began the quest for the Orb.
     0 | D:1      | Reached XP level 1. HP: 10/10 MP: 3/3
     3 | D:1      | Noticed an electric eel
     5 | D:1      | Noticed an electric eel
   217 | D:1      | Found a faded altar of an unknown god.
   273 | D:1      | Reached XP level 2. HP: 4/15 MP: 0/5
   538 | D:1      | Learned a level 2 spell: Searing Ray
   636 | D:1      | Reached skill level 5 in Conjurations
   851 | D:1      | Reached XP level 3. HP: 19/19 MP: 2/6
  1346 | D:2      | Found a basalt altar of Yredelemnul.
  1749 | D:2      | Found Raimmol's General Store.
  1752 | D:2      | Bought a scroll of identify for 22 gold pieces
  1971 | D:3      | Identified the +7 dagger of the Dripping Pill Bug {vamp,
                  | rElec}
  2070 | D:3      | Found a transporter.
  2073 | D:3      | Noticed Sweetruy1997's ghost (amateur DsCK)
  2078 | D:3      | Found a transporter.
  2124 | D:3      | Reached XP level 4. HP: 24/24 MP: 0/7
  3158 | D:4      | Noticed Sigmund
  3188 | D:4      | Killed from afar by Sigmund

Illustrated notes

Levels and vault maps discovered:
D:1:      arrival_aquarium_b, layout_rooms, ebering_ecumenical_altar_mist,
          corexii_leaking_fountain
D:2:      layout_loops_ring, serial_shops, nicolae_shop_behind_doors,
          basic_altar
D:3:      layout_loops_ring, gammafunk_ghost_arena
D:4:      layout_basic, kennysheep_slug_shrine, uniq_ijyb, uniq_sigmund

Skill      XL: |  1  2 |
---------------+-------+-----
Conjurations   | 5 |  5.6
Dodging        | |  1.7
Stealth        | |  2.6
Spellcasting   | |  2.7

Action                   |  1- 3 |  4- 6 || total
-------------------------+-------+-------++-------
 Cast: Magic Dart        |    75 |    29 ||   104
       Searing Ray       |     1 |     2 ||     3
  Use: Scroll            |     2 |       ||     2
Armor: Robe              |     7 |     3 ||    10
Dodge: Dodged            |     8 |     7 ||    15

Table legend: (Time is in decaauts)
 A = Elapsed time spent in this place.
 B = Non-inter-level travel time spent in this place.
 C = Inter-level travel time spent in this place.
 D = Time resting spent in this place.
 E = Time spent auto-exploring this place.
 F = Levels seen in this place.
 G = Mean time per level.
                   A        B        C        D        E       F      G
               +--------+--------+--------+--------+--------+-----+--------+
         Total |   3188 |   3037 |    151 |    125 |   2570 |   4 |  797.0 |
       Dungeon |   3188 |   3037 |    151 |    125 |   2570 |   4 |  797.0 |
               +--------+--------+--------+--------+--------+-----+--------+

Top non-repeatable levels by time:
     D:1: 1128 daAuts
     D:3: 978 daAuts
     D:2: 800 daAuts
     D:4: 280 daAuts
